Map: Dédale EC

Players

HoldTheDoor

  • Race: Protoss Protoss
  • League: Diamond
  • Spawn Location: 1:00

Topgun - Winner!

  • Race: Terran Terran
  • League: Diamond
  • Spawn Location: 7:00

VOD

Have the link to the VOD?

Description

Time

  • Played on: July 8, 2018, 7:23 a.m.
  • Length: 5:07
Show
View Real Time Build Order
Export as new Build Order

HoldTheDoor Protoss 

Build Orders:  

Get SALT Encoding   

  12  0:00  Probe  
  13  0:13  Probe  
  14  0:18  Pylon  
  14  0:25  Probe  
  15  0:37  Probe, Gateway  
  16  0:45  Probe  
  16  0:49  Assimilator  
  17  0:53  Probe  
  17  0:55  Assimilator  
  17  1:04  Probe  
  18  1:10  Gateway  
  19  1:16  Probe  
  20  1:25  Cybernetics Core  
  20  1:28  Probe  
  21  1:34  Pylon  
  21  1:40  Probe  
  22  1:49  Pylon  
  22  1:52  Probe  
  22  1:53  Stalker x2  
  23  2:05  Warp Gate  
  28  2:08  Probe  
  28  2:22  Stalker x2  
  33  2:30  Probe  
  33  2:40  Robotics Facility  
  33  2:43  Probe  
  34  2:55  Probe  
  35  3:02  Pylon  
  35  3:07  Probe  
  35  3:10  Stargate  
  36  3:13  Stalker  
  38  3:20  Stalker  
  40  3:37  Observer  
  40  3:39  Probe  
  42  3:50  Pylon  
  42  3:54  Nexus  
  42  3:56  Immortal  
  46  4:13  Pylon  
  38  4:31  Stalker  
  34  4:47  Stalker  
  32  4:55  Stalker  
Show
View Real Time Build Order
Export as new Build Order

Topgun Terran - Winner!

Build Orders: 1/1/1, Cyclone Opening 

Get SALT Encoding   

  12  0:01  SCV  
  13  0:13  SCV  
  14  0:17  Supply Depot  
  14  0:25  SCV  
  15  0:28  Refinery  
  15  0:41  Barracks  
  15  0:46  SCV  
  16  0:54  Refinery  
  16  0:58  SCV  
  17  1:10  SCV  
  18  1:24  Supply Depot  
  18  1:27  SCV  
  18  1:30  Factory  
  19  1:34  Barracks Reactor  
  20  1:40  SCV  
  20  1:54  Orbital Command  
  20  2:16  Starport  
  20  2:20  Cyclone  
  23  2:25  Barracks Tech Lab  
  23  2:28  SCV  
  24  2:37  Cyclone  
  24  2:41  SCV  
  28  2:47  Supply Depot  
  28  2:59  Banshee  
  31  3:12  Cloaking Field  
  31  3:15  Hellion x2  
  35  3:24  SCV  
  36  3:27  Supply Depot  
  36  3:31  Engineering Bay  
  36  3:40  Cyclone  
  39  3:55  Banshee  
  42  4:12  Cyclone  
Tags
 
Add a new tag
Caveats
  • Supply blocks, unpowered buildings, or Contaminate may cause inaccurate times.
  • Supply counts are checked every 10 seconds.